 Dungeon Crawl Stone Soup version 0.21.0-3-g78d12a8 (webtiles) character file.

69801 Gorglomux the Champion of Chaos (level 14, -2/133 HPs)
             Began as a Deep Dwarf Fighter on Jan 12, 2018.
             Was the Champion of Makhleb.
             Slain by a harpy (5 damage)
             ... summoned by Kirke
             ... on level 15 of the Dungeon.
             The game lasted 00:17:21 (14886 turns).

Gorglomux the Champion of Chaos (DDFi)             Turns: 14886, Time: 00:17:21

Health: -2/133     AC:  0    Str: 25    XL:     14   Next: 91%
Magic:  6/6        EV: 21    Int:  9    God:    Makhleb [******]
Gold:   813        SH:  0    Dex: 12    Spells: 13/13 levels left

rFire    . . .     SeeInvis .   (weapon currently unavailable)
rCold    . . .     Gourm    .   (shield currently unavailable)
rNeg     + . .     Faith    +   (armour currently unavailable)
rPois    .         Spirit   .   (helmet currently unavailable)
rElec    .         Reflect  .   (cloak currently unavailable)
rCorr    .         Harm     .   (gloves currently unavailable)
MR       ++...                  (boots currently unavailable)
Stlth    +.........             V - amulet of faith
HPRegen  0.00/turn              (ring currently unavailable)
MPRegen  0.10/turn              (ring currently unavailable)

@: pig-form, barbed spikes, non-regenerating, slowed
A: small, damage resistance, heal wounds, negative energy resistance 1, sense
surroundings 2, no regeneration
a: Heal Wounds, Minor Destruction, Lesser Servant of Makhleb, Major Destruction,
Greater Servant of Makhleb, Renounce Religion


You were on level 15 of the Dungeon.
You worshipped Makhleb.
Makhleb was exalted by your worship.
You were hungry.
You were a filthy swine.
You visited 3 branches of the dungeon, and saw 21 of its levels.

You collected 1188 gold pieces.
You spent 375 gold pieces at shops.

Inventory:

Hand Weapons
 a - a +0 broad axe of venom (melded)
 b - a +4 scimitar of flaming
 L - a +1 war axe of chopping
Missiles
 Z - a throwing net (quivered)
Armour
 k - a +4 large shield (melded)
 C - a +0 pair of gloves (melded)
 F - a cursed +0 helmet (melded)
 K - a +2 cloak (melded)
 Y - a +0 plate armour (melded)
Jewellery
 f - a ring of protection from fire (melded) {=R}
 h - a +2 ring of evasion
 V - an amulet of faith (around neck)
Wands
 O - a wand of clouds (2)
 S - a wand of scattershot (4)
Scrolls
 g - 7 scrolls of remove curse
 p - 3 scrolls of fear
 x - 4 scrolls of immolation
 z - a scroll of enchant weapon
 B - 2 scrolls of blinking
 D - 2 scrolls of silence
 M - 7 scrolls of magic mapping
 R - 2 scrolls of identify
 T - 7 scrolls of teleportation
Potions
 d - 6 potions of might
 i - 6 potions of heal wounds
 q - 3 potions of lignification
 r - 2 potions of agility
 w - a potion of magic
 y - 2 potions of invisibility
 A - 2 potions of mutation
 H - a potion of berserk rage
 J - a potion of flight
 N - 2 potions of cancellation
 P - 4 potions of brilliance
 Q - 8 potions of curing
 W - 2 potions of haste
Books
 v - a book of the Sky

   Spells                             Type                      Level
   a - Summon Lightning Spire         Summoning/Air                4
   b - Silence                        Hexes/Air                    5
   c - Deflect Missiles               Charms/Air                   6
   d - Conjure Ball Lightning         Conjuration/Air              6
   e - Tornado                        Air                          9
 I - a book of Debilitation

   Spells                             Type                      Level
   a - Corona                         Hexes                        1
   b - Slow                           Hexes                        2
   c - Inner Flame                    Hexes/Fire                   3
   d - Portal Projectile              Hexes/Translocation          3
   e - Cause Fear                     Hexes                        4
   f - Leda's Liquefaction            Hexes/Earth                  4
 U - a book of Changes

   Spells                             Type                      Level
   a - Beastly Appendage              Transmutation                1
   b - Sticks to Snakes               Transmutation                2
   c - Spider Form                    Transmutation/Poison         3
   d - Ice Form                       Ice/Transmutation            4
   e - Blade Hands                    Transmutation                5
Miscellaneous
 X - a phial of floods
Comestibles
 E - 4 chunks of flesh
 G - 24 rations


   Skills:
 - Level 10.6 Fighting
 + Level 12.6 Axes
 - Level 12.3 Armour
 - Level 11.9 Dodging
 - Level 12.4 Shields
 + Level 13.1 Invocations


You had 13 spell levels left.
You didn't know any spells.

Dungeon Overview and Level Annotations

Branches:
Dungeon (15/15)            Temple (1/1) D:4            Lair (5/6) D:9
 Shoals (0/4) Lair:2       Spider (0/4) Lair:4        Slime (0/5) Lair:5
    Orc (0/2) D:9          Vaults (0/5) D:14
 Depths: D:15

Altars:
Ashenzari
Cheibriados
Dithmenos
Elyvilon
Gozag
Kikubaaqudgha
Makhleb
Okawaru
Ru
Trog
Xom
Yredelemnul
The Shining One
Jiyva

Shops:
D:11 =

Annotations:
D:3 1 runed door
D:15 Kirke


Innate Abilities, Weirdness & Mutations

You are resistant to damage.
You can heal yourself by infusing magical energy.
You resist negative energy. (rN+)
You passively map the area around you.
You do not regenerate.


Message History

The harpy claws you!!! * * * don't die
* * * The harpy misses you!
The manticore bites you!!!!!! * * * don't butt
* * * The manticore barely misses you!
The manticore claws you!!! * * * don't die
* * * The harpy completely misses you!
The harpy barely misses you!
The centaur shoots an arrow!
The arrow hits you!!! * * * don't die
* * * Unknown command!
You feel much better! The harpy closely misses you!
The harpy claws you!!! * * * don't die
* * * The harpy claws you!!! * * * don't die
* * * The harpy barely misses you!
The centaur shoots an arrow!
The arrow barely misses you!
The harpy claws butt!!!!!! * * * don'butt die
* * * The butt closely misses you!
The harpy completely misses butt!
The harpy claws you!!! butt

....###.##.###..# *
.....##.##.# #..# * ,,
........##.# #..# *
.....#####.###..# , ,, ,
.............#.@### ,,
.#.......).#.#....# , ,
##.......###.##c#.# ,
##.####.# #.##H.H# ##### ,,,
#.####c###.###hH###...####...
#.##..(......).......<.......
#.#.......((.).(###...#####.
, *#...........##..#
###.######.#
#........<.#.....# #$.......#
*.............##.##
########## .c......###.###.#
........# #.# #.#
.........,..#*#.#


You could see Kirke, a manticore, 2 harpies and a centaur.

Vanquished Creatures
  Rupert (Lair:3)
  Gastronok (Lair:3)
  Josephine (D:12)
  A fire dragon (D:13)
  5 hydras
  A catoblepas (Lair:3)
  Erica (D:10)
  A centaur warrior (D:13)
  8 vault guards (D:14)
  9 two-headed ogres
  4 death yaks (Lair:4)
  A death knight (D:14)
  A tengu warrior (D:14)
  Nergalle (D:10)
  A skeletal warrior (D:14)
  A deep elf archer (D:13)
  Pikel (D:4)
  A phantasmal warrior (D:14)
  19 ugly things
  4 cyclopes
  A manticore (D:13)
  5 elephants (Lair:4)
  2 centaur zombies
  3 black mambas
  2 gargoyles
  5 spiny frogs
  4 kobold demonologists
  2 komodo dragons
  A rime drake (Lair:2)
  A demonic crawler (Lair:4)
  2 efreet (D:14)
  2 freezing wraiths (D:14)
  A jumping spider (shapeshifter) (D:15)
  A hornet (D:12)
  2 trolls
  6 blink frogs
  Prince Ribbit (D:6)
  6 slime creatures (D:14)
  9 hippogriffs
  A meliai zombie (D:14)
  A centaur simulacrum (D:14)
  Sigmund (D:4)
  A spriggan (D:7)
  3 wyverns
  5 wraiths
  A shadow (D:13)
  2 hogs (D:15)
  A basilisk (D:9)
  47 yaks
  A fire elemental (Lair:2)
  2 hungry ghosts
  2 vampire mosquitoes (D:12)
  2 acid dragons
  3 water moccasins
  3 porcupines
  A swamp drake (D:9)
  9 orc warriors
  4 ice beasts
  A black bear (D:13)
  2 phantoms
  3 sky beasts
  7 ogres
  A hornet zombie (D:8)
  4 wolves (Lair:4)
  13 centaurs
  12 crocodiles
  4 big kobolds
  12 bullfrogs
  A wyvern zombie (D:13)
  5 scorpions
  2 troll zombies (D:9)
  4 killer bees (D:10)
  12 wights
  9 howler monkeys
  4 crimson imps
  A bullfrog zombie (D:6)
  4 bullfrog skeletons
  A centaur skeleton (D:7)
  10 orc priests
  5 hounds
  6 jellies
  15 orc wizards
  Jessica (D:3)
  4 iguanas
  10 worker ants
  A killer bee zombie (D:9)
  6 ogre zombies (D:9)
  A hound skeleton (D:5)
  A hound zombie (D:11)
  A worker ant zombie (D:9)
  6 adders
  8 gnolls
  An adder skeleton (D:8)
  An adder zombie (D:5)
  4 worms
  5 dart slugs
  5 leopard geckos
  57 orcs
  A ball python (D:1)
  3 giant cockroaches
  7 goblins
  5 hobgoblins
  15 jackals
  16 kobolds
  6 quokkas
  7 bats
  6 frilled lizards
  2 goblin skeletons (D:9)
  3 goblin zombies (D:9)
  2 hobgoblin zombies (D:9)
  A jackal skeleton (D:7)
  A leopard gecko skeleton (D:5)
  3 orc skeletons (D:9)
  15 orc zombies (D:9)
  5 rats
  3 fungi
  A plant (Lair:2)
561 creatures vanquished.

Vanquished Creatures (collateral kills)
  A phantom (D:14)
1 creature vanquished.

Vanquished Creatures (others)
  Fannar (D:11)
  A slave (D:4)
  An orc (D:4)
  A plant (Lair:2)
4 creatures vanquished.

Grand Total: 566 creatures vanquished

Notes
Turn   | Place    | Note
-------+----------+-------------------------------------------
     0 | D:1      | Gorglomux the Deep Dwarf Fighter began the quest for the Orb.
     0 | D:1      | Reached XP level 1. HP: 20/20 MP: 1/1
   116 | D:1      | Reached XP level 2. HP: 21/27 MP: 2/2
   545 | D:1      | Reached skill level 1 in Dodging
   642 | D:2      | Reached XP level 3. HP: 22/33 MP: 3/3
   675 | D:2      | Found a sacrificial altar of Ru.
   682 | D:2      | Reached skill level 3 in Fighting
  1083 | D:3      | Reached XP level 4. HP: 28/42 MP: 4/4
  1119 | D:3      | Noticed Jessica
  1122 | D:3      | Reached skill level 3 in Axes
  1126 | D:3      | Killed Jessica
  1135 | D:3      | Reached XP level 5. HP: 37/49 MP: 5/5
  1249 | D:3      | Found a runed door.
  1900 | D:4      | Reached XP level 6. HP: 23/56 MP: 5/5
  1914 | D:4      | Noticed Sigmund
  1942 | D:4      | Killed Sigmund
  1942 | D:4      | Reached skill level 3 in Dodging
  1942 | D:4      | Reached XP level 7. HP: 33/64 MP: 6/6
  2091 | D:4      | Noticed Pikel
  2119 | D:4      | Killed Pikel
  2119 | D:4      | Reached XP level 8. HP: 28/73 MP: 6/6
  2420 | D:4      | Reached skill level 6 in Shields
  2426 | D:4      | Reached skill level 6 in Armour
  2517 | D:4      | Found a staircase to the Ecumenical Temple.
  2525 | Temple   | Entered the Ecumenical Temple
  2543 | Temple   | Became a worshipper of Makhleb the Destroyer
  2819 | D:5      | Entered Level 5 of the Dungeon
  3027 | D:5      | Found a basalt altar of Yredelemnul.
  3361 | D:6      | Noticed Prince Ribbit
  3391 | D:6      | Killed Prince Ribbit
  3391 | D:6      | Reached skill level 6 in Axes
  3523 | D:6      | Noticed a hippogriff
  3539 | D:6      | Killed a hippogriff
  3539 | D:6      | Gained mutation: You passively map the area around you. [Deep Dwarf growth]
  3539 | D:6      | Reached XP level 9. HP: 26/81 MP: 6/6
  3876 | D:6      | Reached skill level 1 in Invocations
  4240 | D:7      | Reached * piety under Makhleb
  4246 | D:7      | Reached skill level 6 in Dodging
  4246 | D:7      | Reached skill level 2 in Invocations
  4873 | D:7      | Reached skill level 6 in Fighting
  4977 | D:7      | Reached skill level 3 in Invocations
  5256 | D:8      | Noticed a two-headed ogre
  5265 | D:8      | Killed a two-headed ogre
  5265 | D:8      | Reached skill level 4 in Invocations
  5265 | D:8      | Reached XP level 10. HP: 46/92 MP: 6/8
  5708 | D:9      | Noticed a two-headed ogre
  5709 | D:9      | Found a staircase to the Orcish Mines.
  5711 | D:9      | Reached ** piety under Makhleb
  5721 | D:9      | HP: 1/92 [orc priest/nerve-wracking pain (13)]
  5766 | D:9      | Killed a two-headed ogre
  5766 | D:9      | Reached skill level 5 in Invocations
  5851 | D:9      | Noticed a two-headed ogre
  5866 | D:9      | Killed a two-headed ogre
  5866 | D:9      | Reached *** piety under Makhleb
  5944 | D:9      | Reached skill level 6 in Invocations
  6037 | D:9      | Noticed a two-headed ogre
  6047 | D:9      | Killed a two-headed ogre
  6047 | D:9      | Reached XP level 11. HP: 90/100 MP: 9/9
  6253 | D:9      | Reached skill level 9 in Shields
  6463 | D:9      | Reached **** piety under Makhleb
  6524 | D:10     | Entered Level 10 of the Dungeon
  6536 | D:10     | Reached skill level 9 in Armour
  6580 | D:10     | Noticed a two-headed ogre
  6587 | D:10     | Reached skill level 7 in Invocations
  6596 | D:10     | Noticed Nergalle
  6622 | D:10     | Killed a two-headed ogre
  6636 | D:10     | HP: 5/102 [Nergalle/bolt of negative energy (29)]
  6652 | D:10     | Reached skill level 9 in Axes
  6764 | D:10     | Killed Nergalle
  6956 | D:10     | Noticed Erica
  7010 | D:10     | Killed Erica
  7181 | D:10     | Found a glowing golden altar of the Shining One.
  7396 | D:11     | Reached skill level 8 in Invocations
  7561 | D:11     | Reached ***** piety under Makhleb
  7584 | D:11     | Noticed a red ugly thing
  7604 | D:11     | Killed a red ugly thing
  7709 | D:11     | Found a bloodstained altar of Trog.
  7750 | D:11     | Reached skill level 9 in Dodging
  7967 | D:11     | Reached XP level 12. HP: 111/111 MP: 10/10
  8041 | D:11     | Found Toelirr's Jewellery Emporium.
  8043 | D:11     | Noticed Fannar
  8129 | D:11     | Killed Fannar
  8142 | D:11     | Bought an uncursed ring of protection from fire for 375 gold pieces
  8275 | D:11     | Noticed a seven-headed hydra
  8289 | D:11     | Killed a six-headed hydra
  8309 | D:12     | Noticed an eight-headed hydra
  8314 | D:12     | Noticed a five-headed hydra
  8354 | D:11     | Killed a six-headed hydra
  8587 | D:9      | Found a staircase to the Lair.
  8706 | Lair:1   | Entered Level 1 of the Lair of Beasts
  8779 | Lair:1   | Reached skill level 9 in Invocations
  8927 | Lair:1   | Found a dark tunnel.
  9598 | Lair:2   | Found a staircase to the Shoals.
  9742 | Lair:2   | Noticed an eight-headed hydra
  9761 | Lair:2   | Killed a four-headed hydra
 10329 | Lair:3   | Reached skill level 9 in Fighting
 10640 | Lair:3   | Noticed a catoblepas
 10642 | Lair:3   | Noticed Rupert
 10663 | Lair:3   | Killed Rupert
 10663 | Lair:3   | Reached skill level 10 in Invocations
 10663 | Lair:3   | Reached XP level 13. HP: 77/121 MP: 7/7
 10757 | Lair:3   | Noticed Gastronok
 10783 | Lair:3   | HP: 6/121 [Gastronok (19)]
 10788 | Lair:3   | Killed Gastronok
 11282 | Lair:4   | Reached ****** piety under Makhleb
 11671 | Lair:4   | Reached skill level 11 in Invocations
 11834 | Lair:4   | Found a hole to the Spider Nest.
 12129 | Lair:5   | Found a viscous altar of Jiyva.
 12129 | Lair:5   | Found a staircase to the Slime Pits.
 12506 | D:12     | Noticed Josephine
 12522 | D:12     | Killed Josephine
 12849 | D:13     | Identified the +10 lajatang of Eternal Vigilance {slice, Int+3} (You found it on level 13 of the Dungeon)
 13072 | D:13     | Gained mutation: You resist negative energy. (rN+) [Deep Dwarf growth]
 13072 | D:13     | Reached XP level 14. HP: 97/132 MP: 7/7
 13600 | D:14     | Reached skill level 12 in Shields
 13700 | D:14     | Reached skill level 12 in Armour
 13700 | D:14     | Reached skill level 12 in Invocations
 13887 | D:14     | Found a gate to the Vaults.
 13917 | D:14     | Reached skill level 12 in Axes
 14488 | D:14     | Reached skill level 13 in Invocations
 14730 | D:15     | Entered Level 15 of the Dungeon
 14790 | D:15     | Noticed Kirke
 14885 | D:15     | HP: 6/133 [centaur/arrow (12)]
 14886 | D:15     | Slain by a harpy

Skill      XL: |  1  2  3  4  5  6  7  8  9 10 11 12 13 14 |
---------------+-------------------------------------------+-----
Dodging        | 1 2 3 4 5 6 7 9 10 11 | 11.9
Fighting       | 3 4 5 6 7 8 9 10 | 10.6
Axes           | 3 4 5 6 7 8 9 10 11 12 | 12.6
Shields        | 4 5 6 7 8 9 10 11 12 | 12.4
Armour         | 4 5 6 7 8 9 10 11 12 | 12.3
Invocations    | 4 6 8 10 11 13 | 13.1

Action                   |  1- 3 |  4- 6 |  7- 9 | 10-12 | 13-15 || total
-------------------------+-------+-------+-------+-------+-------++-------
Melee: War axe           |   117 |   105 |   445 |  1036 |   737 ||  2440
       Scimitar          |       |       |       |    16 |    14 ||    30
       Broad axe         |       |       |       |       |   141 ||   141
       Unarmed           |       |       |       |       |    15 ||    15
Invok: Minor Destruction |       |       |       |     5 |     1 ||     6
       Lesser Servant of |       |       |       |       |     7 ||     7
 Abil: Heal Wounds       |       |     6 |    12 |    32 |    33 ||    83
Evoke: Wand              |       |       |       |    14 |       ||    14
  Use: Scroll            |       |       |    10 |    20 |     6 ||    36
       Potion            |       |       |       |     2 |     3 ||     5
 Stab: Paralysed         |     1 |       |       |       |       ||     1
       Distracted        |       |       |     1 |       |     2 ||     3
       Petrified         |       |       |       |     5 |       ||     5
  Eat: Chunk             |     1 |     2 |    13 |    16 |    15 ||    47
       Ration            |       |       |       |     7 |       ||     7
Armor: Scale mail        |    38 |       |       |       |       ||    38
       Chain mail        |     7 |   114 |   122 |       |       ||   243
       Plate armour      |       |       |    41 |   502 |   437 ||   980
       Skin              |       |       |       |    14 |       ||    14
Dodge: Dodged            |    25 |    34 |    93 |   412 |   381 ||   945
Block: Shield            |     7 |       |       |       |       ||     7
       Large shield      |   110 |   144 |   444 |  1455 |  1320 ||  3473
       Rpst.: Scimitar   |       |       |       |     1 |       ||     1
